 Dungeon Sprint DCSS version 0.21.1-1-g345015f (webtiles) character file.

144 doot the Covert (level 5, -2/36 HPs)
             Began as a Spriggan Enchanter on Apr 21, 2018.
             Slain by a deep elf mage
             ... wielding a +0 long sword of holy wrath
              (4 damage)
             ... in the Dungeon (Sprint III: "The Ten Rune Challenge").
             The game lasted 00:02:27 (421 turns).

doot the Covert (Spriggan Enchanter)                 Turns: 421, Time: 00:02:28

Health: -2/36      AC:  2    Str:  9    XL:     5   Next: 5%
Magic:  11/14      EV: 20    Int: 16    God:
Gold:   40         SH:  0    Dex: 18    Spells: 6/15 levels left

rFire    . . .     SeeInvis +   a - +1 dagger
rCold    . . .     Gourm    .   (shield restricted)
rNeg     . . .     Faith    .   b - +0 robe
rPois    .         Spirit   .   (helmet restricted)
rElec    .         Reflect  .   (no cloak)
rCorr    .         Harm     .   (gloves unavailable)
MR       .....     NoTele   +   (boots unavailable)
Stlth    ..........             (no amulet)
HPRegen  0.12/turn              (no ring)
MPRegen  0.14/turn              (no ring)

@: berserking (expiring), very slightly contaminated, very quick
A: very small, unfitting armour, see invisible, herbivore, speed 3, slow
metabolism 2
a: no special abilities


You were in the Dungeon.
You were not hungry.

You visited 1 branch You collected 40 gold pieces.

Inventory:

Hand Weapons
 a - a +1 dagger (weapon)
Armour
 b - a +0 robe (worn)
Scrolls
 j - a scroll of blinking
 k - a scroll of torment {unknown}
 l - 2 scrolls of identify
 m - 2 scrolls of remove curse {unknown}
 o - a scroll of holy word {unknown}
 p - 2 scrolls of magic mapping {unknown}
Potions
 e - a potion of curing
 f - a potion of heal wounds
 g - a potion of haste
 h - 2 potions of magic
 n - a potion of flight {unknown}
 q - a potion of ambrosia {unknown}
 r - 6 potions of mutation
Books
 c - a book of Maledictions

   Spells                             Type                      Level
   a - Corona                         Hexes                        1
   b - Ensorcelled Hibernation        Hexes/Ice                    2
   c - Confuse                        Hexes                        3
   d - Tukima's Dance                 Hexes                        3
   e - Dazzling Spray                 Conjuration/Hexes            3
 s - a book of Cantrips

   Spells                             Type                      Level
   a - Confusing Touch                Hexes                        1
   b - Animate Skeleton               Necromancy                   1
   c - Summon Small Mammal            Summoning                    1
   d - Apportation                    Translocation                1
Comestibles
 d - 4 rations


   Skills:
 + Level 0.2 Fighting
 + Level 2.6 Short Blades
 + Level 4.7 Dodging
 + Level 10.2 Stealth
 + Level 5.9 Spellcasting
 + Level 7.6 Hexes
 + Level 0.7 Ice Magic


You had 6 spell levels left.
You knew the following spells:

 Your Spells              Type           Power        Failure   Level  Hunger
a - Corona                Hex            ####...      1%          1    None
b - Ensorcelled Hibernat  Hex/Ice        ###...       3%          2    #......
c - Confuse               Hex            ####....     1%          3    ##.....
d - Tukima's Dance        Hex            ####....     1%          3    ##.....


Dungeon Overview and Level Annotations

Branches:
Dungeon (1/1)

Altars:
Elyvilon
Kikubaaqudgha
Sif Muna
Vehumet
Zin
The Shining One


Innate Abilities, Weirdness & Mutations

You are very small and have problems with some larger weapons.
You are too small for most types of armour.
You have supernaturally acute eyesight. (SInv)
You are a herbivore.
You cover ground extremely quickly.
You need consume almost no food.


Message History

You feel yourself moving faster!
You feel mighty! The deep elf mage casts a spell at you.
The shard of ice misses you.
You puncture the deep elf mage!
The deep elf mage is lightly wounded.
The ice beast misses you.
The deep elf mage hits you with a long sword of holy wrath!
* * * LOW HITPOINT WARNING * * *
You puncture the deep elf mage!
The deep elf mage is moderately wounded.
You closely miss the deep elf mage.
The deep elf mage is moderately wounded.
The ice beast completely misses you. The deep elf mage barely misses you.
You closely miss the deep elf mage.
The deep elf mage is moderately wounded.
You hit the deep elf mage.
The deep elf mage is moderately wounded.
The ice beast misses you.
The deep elf mage hits you with a long sword of holy wrath.
You die...

▓▓▓▓▓▓▓▓▓▓ ▓▓▓ #..'...♣.♣♣
♣.##### #.†#......♣
♣.#_Y_# ####....♣.♣
♣.#@e.# ...#....≈.♣
♣♣.###'#+###+ ...#...≈≈.♣
♣..#..........
...#..≈≈≈≈♣♣♣♣.'.⌠........
##'#..≈≈≈≈≈≈...#...######+
...#.≈≈≈≈≈≈....#.⌠.#
...#.≈≈≈≈≈.....#...#
...#.≈≈≈.......#'###
####...........#.).#


You could see a deep elf mage and an ice beast.

Vanquished Creatures
  A water elemental (D)
  A wizard (D)
  A kobold demonologist (D)
  A human (D)
  A wolf (D)
  4 rats (D)
9 creatures vanquished.

Vanquished Creatures (others)
  2 draconian scorchers (D)
  6 hellions (D)
  A yaktaur (D)
9 creatures vanquished.

Grand Total: 18 creatures vanquished

Notes
Turn   | Place    | Note
-------+----------+-------------------------------------------
     0 | D        | doot the Spriggan Enchanter began the quest for the Orb.
     0 | D        | Reached XP level 1. HP: 9/9 MP: 5/5
    22 | D        | Reached skill level 5 in Stealth
    37 | D        | Noticed a wolf
    44 | D        | Killed a wolf
    44 | D        | Reached skill level 6 in Stealth
    44 | D        | Reached skill level 5 in Hexes
    44 | D        | Reached XP level 2. HP: 13/13 MP: 5/7
    53 | D        | Learned a level 2 spell: Ensorcelled Hibernation
    70 | D        | Reached skill level 7 in Stealth
    70 | D        | Reached XP level 3. HP: 7/16 MP: 0/9
   125 | D        | Killed a hellion
   128 | D        | Killed a hellion
   166 | D        | Killed a hellion
   167 | D        | Killed a hellion
   172 | D        | Killed a yaktaur
   172 | D        | Killed a hellion
   173 | D        | Killed a hellion
   234 | D        | Killed a white draconian scorcher
   258 | D        | Noticed a water elemental
   260 | D        | Killed a water elemental
   260 | D        | Reached skill level 9 in Stealth
   260 | D        | Reached skill level 5 in Spellcasting
   260 | D        | Reached XP level 4. HP: 21/21 MP: 10/12
   265 | D        | Killed a white draconian scorcher
   279 | D        | Learned a level 3 spell: Confuse
   283 | D        | Learned a level 3 spell: Tukima's Dance
   285 | D        | Found a radiant altar of Vehumet.
   286 | D        | Found a deep blue altar of Sif Muna.
   286 | D        | Found an ancient bone altar of Kikubaaqudgha.
   286 | D        | Noticed a wizard
   287 | D        | Killed a wizard
   304 | D        | Reached skill level 10 in Stealth
   304 | D        | Reached XP level 5. HP: 21/24 MP: 0/14
   409 | D        | Found a glowing silver altar of Zin.
   410 | D        | Found a glowing golden altar of the Shining One.
   410 | D        | Found a white marble altar of Elyvilon.
   410 | D        | Noticed a deep elf mage
   412 | D        | Noticed an ice beast
   421 | D        | Slain by a deep elf mage

Skill      XL: |  1  2  3  4 |
---------------+-------------+-----
Hexes          | 5 7 |  7.6
Spellcasting   | 3 4 5 |  5.9
Stealth        | 6 7 9 10 | 10.2
Short Blades   | 2 |  2.6
Dodging        | 4 |  4.7
Fighting       | |  0.2
Ice Magic      | |  0.7

Action                   |  1- 3 |  4- 6 || total
-------------------------+-------+-------++-------
Melee: Dagger            |    16 |    17 ||    33
 Cast: Corona            |     2 |     1 ||     3
       Ensorcelled Hiber |     3 |     1 ||     4
       Confuse           |       |     3 ||     3
  Use: Potion            |       |     1 ||     1
 Stab: Sleeping          |     6 |     1 ||     7
       Confused          |       |     1 ||     1
Armor: Robe              |     1 |     1 ||     2
Dodge: Dodged            |     9 |    10 ||    19
